PBL
CHICAGO CUBS @ SAN DIEGO PADRES
08/11/2070
 
TOP OF THE 1ST
Chicago Cubs batting - Pitching for San Diego Padres : RHP Lee Nard
Pitching: RHP Lee Nard
Batting: LHB Orlando Melero 0-0: Ball
1-0: Called Strike
1-1: Ball
2-1: Ball
3-1: Ground out 5-3 (Groundball, 5, EV 88.1 MPH)
Batting: LHB Yan Peltier 0-0: Ball
1-0: Ball
2-0: Foul Ball, location: 5SF
2-1: Foul Ball, location: 5DF
2-2: Foul Ball, location: 2F
2-2: Ball
3-2: SINGLE (Groundball, 56D, EV 97.5 MPH) (infield hit)
Batting: SHB Jesús Mora 0-0: Called Strike
0-1: Ball
1-1: Ground out 6-3 (Groundball, 6, EV 76.3 MPH)
Yan Peltier to second
Batting: SHB George Moore 0-0: Ball
1-0: Foul Ball, location: 25F
1-1: Fly out, F7 (Flyball, 7, EV 81.3 MPH)
Top of the 1st over - 0 runs, 1 hit, 0 errors, 1 left on base; Chicago 0 - San Diego 0
BOTTOM OF THE 1ST
San Diego Padres batting - Pitching for Chicago Cubs : LHP Dennis Cain
Pitching: LHP Dennis Cain
Batting: SHB Yusuke Tanaka 0-0: Called Strike
0-1: Ball
1-1: Called Strike
1-2: Foul Ball, location: 9LDF
1-2: Ball
2-2: SINGLE (Line Drive, 34D, EV 103.1 MPH)
Batting: RHB Jonathan Roehl 0-0: Called Strike
Yusuke Tanaka is caught stealing 2nd base 2-4
0-1: Fly out, F9 (Flyball, 9, EV 83.1 MPH)
Batting: RHB Carlos Núñez 0-0: Ball
1-0: Called Strike
1-1: Ball
2-1: Foul Ball, location: 2F
2-2: Foul Ball, location: 2F
2-2: Ground out 5-3 (Groundball, 56, EV 88.1 MPH)
Bottom of the 1st over - 0 runs, 1 hit, 0 errors, 0 left on base; Chicago 0 - San Diego 0
TOP OF THE 2ND
Chicago Cubs batting - Pitching for San Diego Padres : RHP Lee Nard
Batting: LHB Shinobu Narita 0-0: Ball
1-0: Called Strike
1-1: Fly out, F7 (Flyball, 7, EV 93.8 MPH)
Batting: RHB Mark Bonner 0-0: Ball
1-0: Ball
2-0: Foul Ball, location: 23F
2-1: Swinging Strike
2-2: Foul Ball, location: 3SF
2-2: Fly out, F8 (Flyball, 89S, EV 90.6 MPH)
Batting: LHB Dan Byrd 0-0: Ball
1-0: Called Strike
1-1: Fly out, F7 (Line Drive, 78S, EV 94.4 MPH)
Top of the 2nd over - 0 runs, 0 hits, 0 errors, 0 left on base; Chicago 0 - San Diego 0
BOTTOM OF THE 2ND
San Diego Padres batting - Pitching for Chicago Cubs : LHP Dennis Cain
Batting: LHB Raúl Valenzuela 0-0: Ball
1-0: Called Strike
1-1: Ball
2-1: Called Strike
2-2: Fly out, F7 (Flyball, 7S, EV 91.9 MPH)
Batting: RHB Jorge Gonzáles 0-0: Swinging Strike
0-1: Swinging Strike
0-2: Strikes out looking
Batting: LHB Iwao Sato 0-0: Foul Ball, location: 25FF
0-1: Called Strike
0-2: Fly out, F8 (Flyball, 8RD, EV 106.3 MPH)
Bottom of the 2nd over - 0 runs, 0 hits, 0 errors, 0 left on base; Chicago 0 - San Diego 0
TOP OF THE 3RD
Chicago Cubs batting - Pitching for San Diego Padres : RHP Lee Nard
Batting: RHB Eddie Brown 0-0: Called Strike
0-1: Ball
1-1: Ball
2-1: Foul Ball, location: 2F
2-2: Ground out U3 (Groundball, 34S, EV 81.9 MPH)
Batting: RHB Lorne Roach 0-0: Ground out 4-3 (Groundball, 4, EV 83.8 MPH)
Batting: LHB Orlando Melero 0-0: Ball
1-0: Called Strike
1-1: Ball
2-1: Foul Ball, location: 2F
2-2: Ground out 3-1 (Groundball, 34, EV 84.4 MPH)
Top of the 3rd over - 0 runs, 0 hits, 0 errors, 0 left on base; Chicago 0 - San Diego 0
BOTTOM OF THE 3RD
San Diego Padres batting - Pitching for Chicago Cubs : LHP Dennis Cain
Batting: RHB Luis Acevedo 0-0: Ball
1-0: Fly out, F8 (Flyball, 8LS, EV 83.8 MPH)
Batting: LHB Pedro Escobar 0-0: Foul Ball, location: 2F
0-1: Called Strike
0-2: Ball
1-2: Ball
2-2: Ball
3-2: Foul Ball, location: 7LDF
3-2: Strikes out swinging
Batting: SHB Raúl Márquez 0-0: Called Strike
0-1: Ball
1-1: Foul Ball, location: 25F
1-2: Ball
2-2: Ball
3-2: Base on Balls
Batting: SHB Yusuke Tanaka 0-0: Ball
1-0: Foul Ball, location: 2F
1-1: Foul Ball, location: 23F
1-2: Ball
2-2: Strikes out swinging
Bottom of the 3rd over - 0 runs, 0 hits, 0 errors, 1 left on base; Chicago 0 - San Diego 0
TOP OF THE 4TH
Chicago Cubs batting - Pitching for San Diego Padres : RHP Lee Nard
Batting: LHB Yan Peltier 0-0: Ball
1-0: Ball
2-0: Foul Ball, location: 5SF
2-1: Ball
3-1: Called Strike
3-2: Strikes out swinging
Batting: SHB Jesús Mora 0-0: Called Strike
0-1: Called Strike
0-2: Foul Ball, location: 5SF
0-2: Ball
1-2: Foul Ball, location: 7LSF
1-2: Foul Ball, location: 2F
1-2: Fly out, F7 (Flyball, 7, EV 88.1 MPH)
Batting: SHB George Moore 0-0: Swinging Strike
0-1: Ball
1-1: Foul Ball, location: 7LSF
1-2: Ball
2-2: Ball
3-2: Strikes out looking
Top of the 4th over - 0 runs, 0 hits, 0 errors, 0 left on base; Chicago 0 - San Diego 0
BOTTOM OF THE 4TH
San Diego Padres batting - Pitching for Chicago Cubs : LHP Dennis Cain
Batting: RHB Jonathan Roehl 0-0: Called Strike
0-1: Ground out 5-3 (Groundball, 5S, EV 90.0 MPH)
Batting: RHB Carlos Núñez 0-0: Ball
1-0: Ball
2-0: Called Strike
2-1: Ball
3-1: Ground out 5-3 (Groundball, 56, EV 83.1 MPH)
Batting: LHB Raúl Valenzuela 0-0: Called Strike
0-1: Swinging Strike
0-2: Ball
1-2: Ball
2-2: Fly out, F8 (Flyball, 8RXD, EV 100.6 MPH)
Bottom of the 4th over - 0 runs, 0 hits, 0 errors, 0 left on base; Chicago 0 - San Diego 0
TOP OF THE 5TH
Chicago Cubs batting - Pitching for San Diego Padres : RHP Lee Nard
Batting: LHB Shinobu Narita 0-0: Ball
1-0: Called Strike
1-1: Ball
2-1: Ball
3-1: Foul Ball, location: 2F
3-2: Foul Ball, location: 2F
3-2: TRIPLE (Line Drive, 9LD, EV 103.8 MPH)
Batting: RHB Mark Bonner 0-0: Called Strike
0-1: Called Strike
0-2: SINGLE (Groundball, 2R, EV 70.0 MPH) (infield hit)
Batting: LHB Dan Byrd 0-0: DOUBLE (Line Drive, 9D, EV 103.1 MPH)
Shinobu Narita scores
Mark Bonner to third
Batting: RHB Eddie Brown 0-0: Ball
1-0: Foul Ball, location: 3F
1-1: Foul Ball, location: 2F
1-2: Ball
2-2: Foul Ball, location: 2F
2-2: Strikes out swinging
Batting: RHB Lorne Roach 0-0: Ball
1-0: Foul Ball, location: 23F
1-1: Fielders Choice at home, 5-2 (Groundball, 56, EV 81.9 MPH)
Dan Byrd to third
Batting: LHB Orlando Melero 0-0: Ball
1-0: Ball
2-0: Ball
3-0: Base on Balls
Lorne Roach to second
Batting: LHB Yan Peltier 0-0: Ball
1-0: Called Strike
1-1: Foul Ball, location: 5F
1-2: Ball
2-2: Ball
3-2: Ground out 1-3 (Groundball, 15S, EV 68.1 MPH)
Top of the 5th over - 1 run, 3 hits, 0 errors, 3 left on base; Chicago 1 - San Diego 0
BOTTOM OF THE 5TH
San Diego Padres batting - Pitching for Chicago Cubs : LHP Dennis Cain
Batting: RHB Jorge Gonzáles 0-0: Called Strike
0-1: Ball
1-1: Ball
2-1: Ball
3-1: Base on Balls
Batting: LHB Iwao Sato 0-0: Foul Ball, location: 9LDF
0-1: Ball
1-1: Ball
2-1: Bunt - Flyout to 15 - DP at third! 1-3
Batting: RHB Luis Acevedo 0-0: Ball
1-0: Foul Ball, location: 2F
1-1: Swinging Strike
1-2: Ball
2-2: Strikes out swinging
Bottom of the 5th over - 0 runs, 0 hits, 0 errors, 0 left on base; Chicago 1 - San Diego 0
TOP OF THE 6TH
Chicago Cubs batting - Pitching for San Diego Padres : RHP Lee Nard
Batting: SHB Jesús Mora 0-0: Fly out, F9 (Flyball, 89M, EV 90.0 MPH)
Batting: SHB George Moore 0-0: Ball
1-0: Ball
2-0: Fly out, F7 (Flyball, 78D, EV 101.9 MPH)
Batting: LHB Shinobu Narita 0-0: Called Strike
0-1: Ball
1-1: SINGLE (Line Drive, 78M, EV 98.8 MPH)
Batting: RHB Mark Bonner 0-0: Called Strike
0-1: Ball
1-1: Foul Ball, location: 2F
1-2: Ball
2-2: Ball
3-2: Foul Ball, location: 3SF
3-2: Strikes out swinging
Top of the 6th over - 0 runs, 1 hit, 0 errors, 1 left on base; Chicago 1 - San Diego 0
BOTTOM OF THE 6TH
San Diego Padres batting - Pitching for Chicago Cubs : LHP Dennis Cain
Batting: LHB Pedro Escobar 0-0: Ball
1-0: Ground out 4-3 (Groundball, 4, EV 81.3 MPH)
Batting: SHB Raúl Márquez 0-0: Ball
1-0: Swinging Strike
1-1: Called Strike
1-2: Strikes out swinging
Batting: SHB Yusuke Tanaka 0-0: Called Strike
0-1: Ball
1-1: Ball
2-1: Called Strike
2-2: Foul Ball, location: 2F
2-2: Ball
3-2: Foul Ball, location: 7LDF
3-2: Base on Balls
Batting: RHB Jonathan Roehl 0-0: Ball
1-0: Ball
2-0: Foul Ball, location: 2F
2-1: Ball
3-1: Foul Ball, location: 3F
3-2: Foul Ball, location: 3F
3-2: Strikes out swinging
Bottom of the 6th over - 0 runs, 0 hits, 0 errors, 1 left on base; Chicago 1 - San Diego 0
TOP OF THE 7TH
Chicago Cubs batting - Pitching for San Diego Padres : RHP Lee Nard
Pitching: RHP Steve Everhart
Batting: LHB Dan Byrd 0-0: Called Strike
0-1: SINGLE (Line Drive, 89S, EV 86.3 MPH)
Batting: RHB Eddie Brown 0-0: Called Strike
0-1: Fielders Choice at 2nd, 6-4 (Groundball, 6, EV 101.3 MPH)
Batting: RHB Lorne Roach 0-0: Foul Ball, location: 2RF
0-1: Grounds into double play, 4-6-3 (Groundball, 4M, EV 90.6 MPH)
Top of the 7th over - 0 runs, 1 hit, 0 errors, 0 left on base; Chicago 1 - San Diego 0
BOTTOM OF THE 7TH
San Diego Padres batting - Pitching for Chicago Cubs : LHP Dennis Cain
Batting: RHB Carlos Núñez 0-0: Ball
1-0: Ball
2-0: Ball
3-0: Called Strike
3-1: SOLO HOME RUN (Flyball, 7LD, EV 89.4 MPH), Distance : 342 ft
Pitching: RHP George Thomas
Batting: LHB Raúl Valenzuela 0-0: Ball
1-0: Ball
2-0: SINGLE (Groundball, 4MD, EV 97.5 MPH)
Batting: RHB Jorge Gonzáles 0-0: Called Strike
0-1: 2-RUN HOME RUN (Flyball, 9D, EV 96.3 MPH), Distance : 378 ft
Batting: LHB Iwao Sato 0-0: Swinging Strike
0-1: Swinging Strike
0-2: Ball
1-2: Ball
2-2: Ball
3-2: Foul Ball, location: 2F
3-2: Strikes out swinging
Batting: RHB Luis Acevedo 0-0: Ball
1-0: Foul Ball, location: 9LMF
1-1: Foul Ball, location: 9LSF
1-2: Ball
2-2: Foul Ball, location: 9LDF
2-2: Ball
3-2: Fly out, F7 (Flyball, 78S, EV 83.1 MPH)
Batting: LHB Pedro Escobar 0-0: Ball
1-0: Fly out, F7 (Flyball, 7, EV 81.9 MPH)
Bottom of the 7th over - 3 runs, 3 hits, 0 errors, 0 left on base; Chicago 1 - San Diego 3
TOP OF THE 8TH
Chicago Cubs batting - Pitching for San Diego Padres : RHP Steve Everhart
Batting: LHB Orlando Melero 0-0: Called Strike
0-1: Ball
1-1: Ball
2-1: Ball
3-1: SINGLE (Line Drive, 7S, EV 106.9 MPH)
Batting: LHB Yan Peltier 0-0: Foul Ball, location: 5SF
0-1: Ball
1-1: Ball
2-1: Foul Ball, location: 7LMF
2-2: Foul Ball, location: 5F
2-2: Ball
3-2: Hit by Pitch
Orlando Melero to second
Batting: SHB Jesús Mora 0-0: Called Strike
0-1: Ball
1-1: Called Strike
1-2: Strikes out swinging
Batting: SHB George Moore 0-0: Called Strike
0-1: Ball
1-1: Ball
2-1: Hit by Pitch
Orlando Melero to third
Yan Peltier to second
Batting: LHB Shinobu Narita 0-0: Grounds into fielders choice 4-2 (Groundball, 4, EV 86.9 MPH)
Yan Peltier to third
George Moore to second
Pinch Hitting: LHB Larry Johnson 0-0: Ball
1-0: Ball
2-0: Foul Ball, location: 7LSF
2-1: Foul Ball, location: 2F
2-2: Foul Ball, location: 7LDF
2-2: Strikes out swinging
Top of the 8th over - 0 runs, 1 hit, 0 errors, 3 left on base; Chicago 1 - San Diego 3
BOTTOM OF THE 8TH
San Diego Padres batting - Pitching for Chicago Cubs : RHP George Thomas
Now in RF: Larry Johnson
Batting: SHB Raúl Márquez 0-0: Swinging Strike
0-1: Swinging Strike
0-2: Ball
1-2: Strikes out swinging
Batting: SHB Yusuke Tanaka 0-0: Ball
1-0: Foul Ball, location: 9LSFF
1-1: Ball
2-1: Ball
3-1: SINGLE (Groundball, 25, EV 71.3 MPH) (infield hit)
Pitching: RHP Michael Riley
Batting: RHB Jonathan Roehl 0-0: Ball
1-0: Ball
2-0: Called Strike
2-1: Called Strike
Yusuke Tanaka steals 2nd base (no throw)
2-2: Ball
3-2: SINGLE (Groundball, 4, EV 106.9 MPH) (infield hit)
Yusuke Tanaka to third
Batting: RHB Carlos Núñez 0-0: Ball
Jonathan Roehl steals 2nd base
1-0: SINGLE (Groundball, 56, EV 103.1 MPH)
Yusuke Tanaka scores
Jonathan Roehl to third
Runner from 3rd tries for Home, SAFE, throw by LF to home
Batting: LHB Raúl Valenzuela 0-0: Foul Ball, location: 7LDF
0-1: Ball
1-1: Ball
2-1: Swinging Strike
2-2: Ball
3-2: Base on Balls
Carlos Núñez to second
Batting: RHB Jorge Gonzáles 0-0: Ball
1-0: Called Strike
1-1: Foul Ball, location: 2F
1-2: Ball
2-2: Ball
3-2: Strikes out swinging
Batting: LHB Iwao Sato 0-0: Ball
1-0: Called Strike
1-1: Ball
2-1: Ground out 4-3 (Groundball, 4, EV 83.1 MPH)
Bottom of the 8th over - 2 runs, 3 hits, 0 errors, 2 left on base; Chicago 1 - San Diego 5
TOP OF THE 9TH
Chicago Cubs batting - Pitching for San Diego Padres : RHP Steve Everhart
Batting: LHB Dan Byrd 0-0: Ball
1-0: Fly out, F5 (Line Drive, 5, EV 74.4 MPH)
Batting: RHB Eddie Brown 0-0: Ball
1-0: Called Strike
1-1: Fly out, F8 (Flyball, 8RS, EV 93.8 MPH)
Batting: RHB Lorne Roach 0-0: Called Strike
0-1: SINGLE (Line Drive, 4D, EV 100.0 MPH)
Pitching: LHP Brian Jordan
Batting: LHB Orlando Melero 0-0: Ball
1-0: Swinging Strike
1-1: Called Strike
1-2: Strikes out swinging
Top of the 9th over - 0 runs, 1 hit, 0 errors, 1 left on base; Chicago 1 - San Diego 5
Saturday, February 10th , 2024 - OOTP Baseball 24.10 Build 82